 Dungeon Crawl Stone Soup version 0.30-a0-776-g08fbeb92c1 (webtiles) character file.

Game seed: 5539074843336053833

2 M4edhros the Charlatan (level 1, 0/13 HPs)
             Began as an Octopode Artificer on Feb 13, 2023.
             Killed from afar by a dart slug (5 damage)
             ... with a slug dart
             ... on level 2 of the Dungeon.
             The game lasted 00:00:15 (105 turns).

M4edhros the Charlatan (Octopode Artificer)          Turns: 105, Time: 00:00:16

Health: 0/13       AC:  1    Str: 11    XL:     1   Next: 30%
Magic:  1/1        EV: 13    Int: 13    God:
Gold:   14         SH:  0    Dex: 12    Spells: 0/0 levels left

rFire   . . .      SeeInvis .    (no weapon)
rCold   . . .      Faith    .    (no shield)
rNeg    . . .      Spirit   .    (helmet restricted)
rPois   .          Reflect  .    (no amulet)
rElec   .          Harm     .    (no ring)
rCorr   .          Rampage  .    (no ring)
Will    .....                    (no ring)
Stlth   +++                      (no ring)
HPRegen 0.22/turn                (no ring)
MPRegen 0.07/turn                (no ring)
                                 (no ring)
                                 (no ring)

@: no status effects
A: almost no armour, amphibious, 8 rings, camouflage 1, gelatinous body 1,
(nimble swimmer 1), tentacles
a: no special abilities


You were on level 2 of the Dungeon.
You visited 1 branch of the dungeon, and saw 2 of its levels.

You collected 14 gold pieces.

Inventory:

Wands
 b - a wand of flame (15) (quivered)
 c - a wand of charming (15)
 d - a wand of iceblast (5)
Scrolls
 e - a scroll of identify {unknown}
 g - a scroll of teleportation {unknown}
Potions
 a - a potion of cancellation {unknown}
 f - a potion of invisibility {unknown}


   Skills:
 - Level 1.0 Fighting
 - Level 2.3 Dodging
 - Level 1.3 Stealth
 + Level 3.4 Evocations


You couldn't memorise any spells.
You didn't know any spells.
Your spell library was empty.

Dungeon Overview and Level Annotations

Branches:
Dungeon (2/15)

Altars:


Innate Abilities, Weirdness & Mutations

You cannot wear most types of armour.
You are amphibious.
You can wear up to eight rings at the same time.
Your skin changes colour to match your surroundings (Stealth+).
Your rubbery body absorbs attacks. (AC +1, EV +1)
((You are camouflaged when in or above water. (Stealth+)))
You have tentacles for arms and can constrict up to eight enemies at once.


Message History

Found a metallic black potion.
A rat is nearby!
A rat is nearby!
The rat barely misses you.
You completely miss the rat. Your grab misses the rat.
The rat barely misses you.
You closely miss the rat. Your grab misses the rat. The rat bites you.
You tentacle-slap the rat. You grab the rat. You squeeze the rat.
You kill the rat!
No target in view!
No target in view!
f - a metallic black potion You see here a rat corpse.
g - a scroll labelled WALUNNIGE
Found a stone staircase leading down.
No target in view!
You now have 14 gold pieces.
There is a stone staircase leading down here.
You climb downwards.
There is a stone staircase leading up here.
A kobold comes into view. It is wielding a +0 whip.
Found an inky potion.
Found a red potion.
No target in view!
No target in view!
The kobold hits you with a +0 whip.
You tentacle-slap the kobold.
You kill the kobold!
No target in view!
No target in view!
No target in view!
No target in view!
A dart slug comes into view.
The dart slug launches a dart at you. The slug dart hits you.
Things that are here:
a +0 whip; 4 stones; a kobold corpse The dart slug launches a dart at you.
The slug dart hits you.
You die...

##.#.#<..#
#........##.#
#.#..........#
#.....###.....
####.............
.................
##+#...)####.....
#........# ....
#......@.# ..
#....!...# #
#..!.....#
..........
...........
.......w....
##...........
########.....


You could see a dart slug.

Vanquished Creatures
  A ball python (D:1)
  A kobold (D:2)
  A rat (D:1)
3 creatures vanquished.

Notes
Turn   | Place    | Note
-------+----------+-------------------------------------------
     0 | D:1      | M4edhros the Octopode Artificer began the quest for the
                  | Orb.
     0 | D:1      | Reached XP level 1. HP: 13/13 MP: 1/1
   105 | D:2      | Killed from afar by a dart slug

Illustrated notes

Levels and vault maps discovered:
D:1:      matt_arrival_los_fun, layout_rooms
D:2:      layout_basic, kennysheep_cluttered_room, nicolae_half_adder

Action                     || total
---------------------------++-------
  Melee: Unarmed           ||     7
         Constrict         ||     2
         Tentacles         ||     1
 Armour: Skin              ||     1
  Dodge: Dodged            ||     4

Table legend: (Time is in decaauts)
 A = Elapsed time spent in this place.
 B = Non-inter-level travel time spent in this place.
 C = Inter-level travel time spent in this place.
 D = Time resting spent in this place.
 E = Time spent auto-exploring this place.
 F = Levels seen in this place.
 G = Mean time per level.
                   A        B        C        D        E       F      G
               +--------+--------+--------+--------+--------+-----+--------+
         Total |    104 |    104 |      0 |      0 |     66 |   2 |   52.0 |
       Dungeon |    104 |    104 |      0 |      0 |     66 |   2 |   52.0 |
               +--------+--------+--------+--------+--------+-----+--------+

Top non-repeatable levels by time:
     D:1: 93 daAuts
     D:2: 11 daAuts
